 Dungeon Crawl Stone Soup version 0.30-a0-313-gae38170b09 (webtiles) character file.

Game seed: 16604308687330658497

88529 koil the Spry (level 15, -9/81 HPs)
             Began as a Spriggan Hunter on Oct 27, 2022.
             Was the Champion of Kikubaaqudgha.
             Killed from afar by an ironbound frostheart (28 damage)
             ... by creeping frost
             ... in an ice cave.
             The game lasted 01:59:59 (23313 turns).

koil the Spry (Spriggan Hunter)                    Turns: 23313, Time: 01:59:59

Health: -9/81      AC:  7    Str:  8    XL:     15   Next: 46%
Magic:  24/30      EV: 46    Int: 20    God:    Kikubaaqudgha [******]
Gold:   900        SH:  0    Dex: 39    Spells: 16/34 levels left

rFire   + . .      SeeInvis +    a - +7 sling of Spontaneous Combustion {elec, Contam rElec Str+2 Int+4}
rCold   + . .      Faith    .    (no shield)
rNeg    . . .      Spirit   .    l - +2 robe {rC+}
rPois   .          Reflect  .    (helmet restricted)
rElec   +          Harm     .    r - +2 cloak {Will+}
rCorr   .          Rampage  .    (gloves unavailable)
Will    ++++.                    (boots unavailable)
Stlth   ++++++....               e - amulet of Accord {rF+ Regen+ Int+3}
HPRegen 1.13/turn                A - ring of Xexzank {Dex+6 Stlth+}
MPRegen 0.22/turn                W - +6 ring of dexterity

@: studying Throwing, very quick
A: very small, no large weapons, unfitting armour, see invisible, speed 3, agile
1, strong-willed 1
a: Renounce Religion, Unearth Wretches, Torment, Brand Weapon With Pain, Receive
Forbidden Knowledge


You were in an ice cave.
You worshipped Kikubaaqudgha.
Kikubaaqudgha was exalted by your worship.
You visited 4 branches of the dungeon, and saw 23 of its levels.
You visited 1 bazaar.
You also visited: Ice Cave.

You collected 2090 gold pieces.
You spent 1190 gold pieces at shops.

Inventory:

Hand Weapons
 a - the +7 sling of Spontaneous Combustion (weapon) {elec, Contam rElec Str+2 Int+4}
   (You found it on level 3 of the Dungeon)

   Any ammunition fired from it occasionally discharges a powerful burst of
   electricity upon striking a foe.
   Str:       It affects your strength (+2).
   Int:       It affects your intelligence (+4).
   rElec:     It insulates you from electricity.
   Contam:    It causes magical contamination when unequipped.
 E - the +10 spear of Destiny {speed, Int+2 SInv}
   (You took it off an orc on level 4 of the Dungeon)

   Attacks with this weapon are significantly faster.
   Int:       It affects your intelligence (+2).
   SInv:      It lets you see invisible.
 G - a +5 shortbow
 M - a +3 scimitar of flaming
 X - a +2 vampiric dagger
Missiles
 k - 8 atropa-tipped darts
 t - 2 throwing nets
 N - 32 poisoned darts
 T - 2 datura-tipped darts
 V - a curare-tipped dart
Armour
 l - a +2 robe of cold resistance (worn)
 r - a +2 cloak of willpower (worn)
 C - a +2 robe of willpower
Jewellery
 e - the amulet of Accord (around neck) {rF+ Regen+ Int+3}
   (You acquired it in a bazaar)

   [amulet of regeneration]

   Int:       It affects your intelligence (+3).
   rF:        It protects you from fire.
   Regen:     It increases your rate of health regeneration.
 s - an amulet of guardian spirit
 A - the ring of Xexzank (left hand) {Dex+6 Stlth+}
   (You found it on level 4 of the Dungeon)

   [ring of dexterity]

   Dex:       It affects your dexterity (+6).
   Stlth:     It makes you more stealthy.
 L - the ring "Jayneodu" {rF+ rC- Str+8 SInv Stlth+}
   (You found it on level 3 of the Lair of Beasts)

   [ring of see invisible]

   Str:       It affects your strength (+8).
   rF:        It protects you from fire.
   rC:        It makes you vulnerable to cold.
   SInv:      It lets you see invisible.
   Stlth:     It makes you more stealthy.
 W - a +6 ring of dexterity (right hand)
Wands
 b - a wand of digging (6)
 v - a wand of charming (11)
 x - a wand of quicksilver (3)
 D - a wand of flame (20)
 F - a wand of mindburst (10)
 I - a wand of iceblast (26)
 O - a wand of polymorph (3)
Scrolls
 c - a scroll of enchant armour
 f - 13 scrolls of teleportation
 g - 3 scrolls of identify
 h - 3 scrolls of magic mapping
 j - 3 scrolls of fear
 n - 8 scrolls of poison
 y - 6 scrolls of immolation
 z - 2 scrolls of torment
 J - 2 scrolls of blinking
 K - 2 scrolls of enchant weapon
 P - 2 scrolls of vulnerability
 R - 7 scrolls of butterflies
 Z - a scroll of amnesia
Potions
 d - 3 potions of resistance
 i - 7 potions of curing
 m - 4 potions of might
 q - 3 potions of flight
 u - a potion of ambrosia
 w - 3 potions of invisibility
 B - 2 potions of magic
 H - 2 potions of haste
 Q - a potion of mutation
 S - 2 potions of cancellation
 U - a potion of experience
 Y - a potion of brilliance


   Skills:
 + Level 10.7 Fighting
 + Level 13.2 Ranged Weapons
 + Level 16.1 Dodging
 - Level 6.0 Stealth
 - Level 10.0 Spellcasting
 - Level 5.0 Hexes
 + Level 9.5 Necromancy
 - Level 7.0 Translocations
 + Level 6.7 Fire Magic
 - Level 7.0 Poison Magic


You had 16 spell levels left.
You knew the following spells:

 Your Spells              Type           Power      Damage    Failure   Level
a - Teleport Other        Tloc           38%        N/A       1%          3
b - Ignite Poison         Fire/Tmut/Pois 28%        N/A       3%          3
c - Inner Flame           Hex/Fire       33%        N/A       1%          3
d - Animate Dead          Necr           48%        N/A       1%          4
e - Blink                 Tloc           76%        N/A       1%          2
f - Portal Projectile     Hex/Tloc       68%        N/A       1%          3

Your spell library contained the following spells:

 Spells                   Type           Power      Damage    Failure   Level
 Kiss of Death            Conj/Necr      100%       2d13      1%          1
 Necrotise                Necr           100%       1d9       1%          1
 Cigotuvi's Dreadful Rot  Necr/Pois/Air  64%        N/A       1%          2
 Sublimation of Blood     Necr           48%        N/A       1%          2
 Gell's Gravitas          Tloc           38%        N/A       1%          3
 Lesser Beckoning         Tloc           76%        N/A       1%          3
 Dispel Undead            Necr           48%        3d18      1%          4
 Poisonous Vapours        Pois/Air       48%        N/A       2%          2
 Tukima's Dance           Hex            30%        N/A       2%          3
 Kindle Blastsparks       Fire/Tloc/Air  56%        2d14      3%          3
 Anguish                  Hex/Necr       19%        N/A       3%          4
 Manifold Assault         Tloc           38%        N/A       3%          4
 Passage of Golubria      Tloc           38%        N/A       3%          4
 Agony                    Necr           48%        N/A       3%          5
 Spider Form              Tmut/Pois      24%        N/A       4%          3
 Vhi's Electric Charge    Tloc/Air       48%        N/A       4%          3
 Beastly Appendage        Tmut           20%        N/A       7%          1
 Magic Dart               Conj           40%        1d5       7%          1
 Dazzling Flash           Conj/Hex       40%        N/A       8%          3
 Mephitic Cloud           Conj/Pois/Air  19%        N/A       9%          3
 Call Imp                 Summ           10%        N/A       11%         2
 Static Discharge         Conj/Air       20%        2-3/arc   11%         2
 Wereblood                Tmut           10%        N/A       11%         2
 Iskenderun's Mystic Bla  Conj/Tloc      24%        2d7       16%         4
 Flame Wave               Conj/Fire      23%        2d8       17%         4
 Sticky Flame             Conj/Fire      23%        2d4       17%         4
 Death Channel            Necr           24%        N/A       22%         6
 Fulminant Prism          Conj/Hex       10%        3d9       24%         4
 Borgnjor's Vile Clutch   Necr/Erth      14%        N/A       26%         5
 Summon Forest            Summ/Tloc      12%        N/A       41%         5
 Yara's Violent Unravell  Hex/Tmut       10%        3d6       56%         5
 Arcjolt                  Conj/Air       5%         1d15      88%         5
 Blade Hands              Tmut           5%         N/A       88%         5
 Freezing Cloud           Conj/Ice/Air   5%         6-21      88%         5
 Lee's Rapid Deconstruct  Erth           5%         3d6*      88%         5
 Lightning Bolt           Conj/Air       5%         1d17      88%         5
 Eringya's Noxious Bog    Tmut/Pois      12%        N/A       94%         6
 Starburst                Conj/Fire      11%        6d5       95%         6
 Storm Form               Tmut/Air       5%         N/A       100%        7
 Summon Hydra             Summ           5%         N/A       100%        7
 Ignition                 Fire           18%        3d7       100%        8
 Maxwell's Capacitive Co  Air            5%         ∞         100%        8
 Chain Lightning          Conj/Air       5%         3d6       100%        9


Dungeon Overview and Level Annotations

Branches:
Dungeon (15/15)            Temple (1/1) D:5            Lair (5/5) D:11
 Shoals (0/4) Lair:2        Snake (0/4) Lair:2        Slime (0/5) Lair:4
    Orc (2/2) D:11            Elf (0/3) Orc:2        Vaults (0/5) D:14
  IceCv (1/1)
 Depths: D:15

Altars:
Ashenzari
Cheibriados
Dithmenos
Elyvilon
Fedhas
Gozag
Hepliaklqana
Kikubaaqudgha
Makhleb
Nemelex Xobeh
Okawaru
Qazlal
Ru
Sif Muna
Trog
Uskayaw
Vehumet
Wu Jian
Xom
Yredelemnul
Zin
The Shining One
Jiyva

Shops:
D:6 [   Orc:1 ?   Orc:2 *?[*

Annotations:
D:13 1 runed translucent door
D:15 4 runed translucent doors


Innate Abilities, Weirdness & Mutations

You are very small and have problems with some larger weapons.
You are too small for most types of armour.
You have supernaturally acute eyesight. (SInv)
You cover ground extremely quickly. (Speed+++)
You are agile. (Dex +4, Str/Int -1)
You are strong-willed. (Will+)


Message History

Press: ? - help, Dir - move target, f - rime drake
Aim: a rime drake (chance to affect: 86%)
The rime drake is filled with an inner flame.
Your polar bear barely misses the ice dragon.
Your polar bear completely misses the ice dragon.
Your polar bear claws the ice dragon but does no damage.
Fire: a) +7 sling of Spontaneous Combustion {elec, Contam rElec Str+2 Int+4}
Press: ? - help, Q - select action, (/) - cycle Shift-Dir - straight line, f/p - rime drake
Aim: a rime drake (inner flame, ally target, 75% to hit)
You shoot a sling bullet.
The sling bullet closely misses the rime drake.
The rime drake breathes ice at you. The flash freeze misses you.
Your ironbound frostheart calls freezing cold from the walls.
Kikubaaqudgha accepts your kill.
You feel a bit more experienced.
The frost grips the ironbound frostheart!!
The ironbound frostheart partially resists.
The frost grips the rime drake!
The rime drake partially resists.
Flame seeps out of the rime drake.
Fire: a) +7 sling of Spontaneous Combustion {elec, Contam rElec Str+2 Int+4}
Press: ? - help, Q - select action, (/) - cycle Shift-Dir - straight line, f/p - rime drake
Aim: a rime drake (flame, moderately wounded, inner flame, not watching you, catching its breath, ally target, 75% to hit)
You shoot a sling bullet. The sling bullet hits the rime drake!
Flame seeps out of the rime drake.
Lightning courses through the rime drake!!
Kikubaaqudgha accepts your kill.
The rime drake explodes!
The fiery explosion engulfs you! You resist.
The fiery explosion engulfs the ironbound frostheart!!
The ironbound frostheart is almost dead.
You are engulfed in blazing flames.
You resist.
* * * LOW HITPOINT WARNING * * *
Something bites your polar bear! Something claws your polar bear!
Your polar bear dies!
Your polar bear's corpse dissolves into shadows!
The ironbound frostheart calls freezing cold from the walls.
The frost grips you!! You partially resist.
You die...
Kikubaaqudgha rasps: "You have failed me!
Welcome... death!"

##k.∩..##
#Du.....#
#.D.∩...#
##..Dp.##
##...##
#...##
##p..#
##○§.#
##@.§##
#...##
#..##
##.. ##†.
..# ...
....
...D.


You could see an ice dragon (distracted), an ironbound frostheart (ally target)
and a friendly ironbound frostheart (summoned).

Vanquished Creatures
  A dire elephant (Lair:5)
  7 hydras
  3 centaur warriors
  The ghost of jasper the Martial Artist, a journeyman DsCA of Ignis (D:10)
  2 vault guards (D:14)
  A merfolk avatar (Lair:5)
  An ice dragon (Lair:3)
  6 two-headed ogres
  6 boulder beetles
  A tengu warrior (D:10)
  A death yak (Lair:3)
  A soul eater (D:9)
  2 sun demons (D:9)
  2 wizards (D:14)
  2 sea snakes (Lair:5)
  2 deep elf pyromancers (D:15)
  7 orc knights
  2 harpies (Lair:5)
  Pikel (D:6)
  A necromancer (D:14)
  2 orc sorcerers (Orc:2)
  3 ugly things
  3 cyclopes
  6 elephants (Lair:5)
  6 manticores
  A moth of wrath (D:10)
  4 black mambas
  2 ice statues
  3 rust devils (D:9)
  14 cane toads
  2 orange demons (D:9)
  A torpor snail (Lair:5)
  2 smoke demons (D:9)
  An unseen horror (D:12)
  A gargoyle (D:13)
  Maggie (Lair:2)
  12 rime drakes
  A komodo dragon (shapeshifter) (D:14)
  An efreet (D:14)
  11 komodo dragons
  A yaktaur (D:14)
  A tengu conjurer (D:14)
  2 ice devils (Lair:3)
  6 trolls
  6 polar bears
  A red devil (D:9)
  A wind drake (shapeshifter) (D:12)
  13 slime creatures
  2 hornets
  7 dream sheep (Lair:5)
  8 blink frogs
  A snapping turtle (Lair:5)
  A shadow (D:11)
  The ghost of koil the Shooter, an amateur SpHu (D:4)
  63 yaks
  2 vampires
  3 wyverns
  Eustachio (D:5)
  18 humans (D:14)
  A ynoxinul (D:9)
  3 basilisks
  4 chaos spawn (D:9)
  Menkaure (D:6)
  10 vampire mosquitoes
  A neqoxec (D:9)
  3 steam dragons
  A harpy simulacrum (Lair:3)
  8 water moccasins
  5 wargs (Orc:2)
  An acid dragon (D:11)
  44 orc warriors
  An ice beast (D:6)
  2 sky beasts
  4 black bears
  6 ogres
  3 boggarts (D:15)
  5 wolves
  8 centaurs
  A lemure (D:6)
  3 kobold brigands
  3 phantoms
  10 bullfrogs
  A gnoll sergeant (D:9)
  A necrophage (D:7)
  A scorpion (D:7)
  A cane toad simulacrum (Lair:3)
  9 wights
  An elephant simulacrum (Lair:3)
  17 killer bees
  3 electric eels
  2 vampire bats (D:4)
  2 howler monkeys (D:7)
  A lava snake (Lair:3)
  11 hounds
  3 quasits (D:9)
  Crazy Yiuf (D:2)
  12 orc priests
  A jelly (D:8)
  3 iguanas
  23 orc wizards
  2 troll simulacra (Lair:3)
  6 hell rats (Lair:5)
  Robin (D:4)
  4 adders
  10 gnolls
  6 white imps
  2 dart slugs (D:3)
  A worm (D:3)
  87 orcs
  2 bat skeletons (D:4)
  4 bat zombies (D:4)
  9 endoplasms
  3 giant cockroaches
  11 goblins
  13 hobgoblins
  25 kobolds
  7 quokkas
  5 ball pythons
  7 bats
  3 frilled lizards
  2 rats
696 creatures vanquished.

Vanquished Creatures (collateral kills)
  A rime drake (IceCv)
1 creature vanquished.

Vanquished Creatures (others)
  A wyvern (D:7)
  A scorpion (D:7)
  A bush (Lair:5)
  9 demonic plants (D:9)
  8 fungi
  44 plants
64 creatures vanquished.

Grand Total: 761 creatures vanquished

Notes
Turn   | Place    | Note
-------+----------+-------------------------------------------
     0 | D:1      | koil the Spriggan Hunter began the quest for the Orb.
     0 | D:1      | Reached XP level 1. HP: 10/10 MP: 2/2
   125 | D:1      | Reached XP level 2. HP: 15/15 MP: 2/4
   147 | D:1      | Reached skill level 3 in Dodging
   204 | D:1      | Reached skill level 1 in Spellcasting
   471 | D:1      | Reached XP level 3. HP: 12/18 MP: 5/5
   722 | D:2      | Found a sacrificial altar of Ru.
  1219 | D:2      | Found a runed translucent door.
  1220 | D:2      | Noticed Crazy Yiuf
  1269 | D:2      | Killed Crazy Yiuf
  1270 | D:2      | Reached XP level 4. HP: 9/23 MP: 7/7
  1853 | D:3      | Found an iron altar of Okawaru.
  1901 | D:3      | Found a basalt altar of Yredelemnul.
  1903 | D:3      | Identified the +7 sling of Spontaneous Combustion {elec,
                  | Contam rElec Str+2 Int+4}
  1998 | D:3      | Noticed a phantom
  2000 | D:3      | Killed a phantom
  2001 | D:3      | Reached skill level 4 in Dodging
  2001 | D:3      | Reached XP level 5. HP: 27/27 MP: 9/9
  2261 | D:3      | Found a white marble altar of Elyvilon.
  2542 | D:4      | Identified the +8 flail "Tormentor" {venom, rF+}
  2562 | D:4      | Found a broken altar of Ashenzari.
  2578 | D:4      | Reached XP level 6. HP: 32/32 MP: 11/11
  2604 | D:4      | Found a runed translucent gate.
  2605 | D:4      | Found a runed translucent gate.
  2606 | D:4      | Noticed koil's ghost (amateur SpHu)
  2607 | D:4      | Found a runed translucent gate.
  2609 | D:4      | Identified the +10 spear of Destiny {speed, Int+2 SInv}
  2969 | D:4      | Identified the ring of Xexzank {Dex+6 Stlth+}
  2976 | D:4      | Learned a level 3 spell: Teleport Other
  3035 | D:4      | Noticed Robin
  3036 | D:4      | Reached skill level 5 in Ranged Weapons
  3042 | D:4      | Killed Robin
  3087 | D:4      | Found an ancient bone altar of Kikubaaqudgha.
  3091 | D:4      | Reached skill level 5 in Dodging
  3095 | D:4      | Reached skill level 1 in Translocations
  3340 | D:4      | Killed koil's ghost
  3341 | D:4      | Reached skill level 5 in Stealth
  3341 | D:4      | Reached XP level 7. HP: 19/36 MP: 5/13
  3618 | D:5      | Entered Level 5 of the Dungeon
  3676 | D:5      | Reached skill level 6 in Dodging
  3676 | D:5      | Reached XP level 8. HP: 35/40 MP: 12/15
  3722 | D:5      | Noticed Eustachio
  3727 | D:5      | Killed Eustachio
  3728 | D:5      | Reached skill level 5 in Spellcasting
  3915 | D:5      | Found a staircase to the Ecumenical Temple.
  3936 | D:5      | Found a sacrificial altar of Ru.
  4219 | Temple   | Entered the Ecumenical Temple
  4445 | D:6      | Reached skill level 5 in Translocations
  4446 | D:6      | Noticed Pikel
  4484 | D:6      | Killed Pikel
  4485 | D:6      | Reached skill level 7 in Dodging
  4485 | D:6      | Reached XP level 9. HP: 40/46 MP: 15/19
  4635 | D:6      | Found a burning altar of Makhleb.
  4776 | D:6      | Learned a level 3 spell: Ignite Poison
  4781 | D:6      | Found Elithryoj's Antique Armour Shoppe.
  4887 | D:6      | Bought a fabulously ornate robe for 142 gold pieces
  4887 | D:6      | Identified the +1 robe of the Ancient Songs {Str+9} (You
                  | bought it in a shop on level 6 of the Dungeon)
  5023 | D:6      | Noticed a manticore
  5029 | D:6      | Killed a manticore
  5030 | D:6      | Reached skill level 1 in Poison Magic
  5128 | D:6      | Noticed Menkaure
  5132 | D:6      | Killed Menkaure
  5217 | D:6      | Reached skill level 8 in Dodging
  5293 | D:6      | Reached skill level 5 in Fighting
  5794 | D:7      | Identified the +11 battleaxe "Beast's Undoing" {venom, rF+}
  5910 | D:7      | Found a blossoming altar of Fedhas.
  5925 | D:7      | Found a radiant altar of Vehumet.
  5928 | D:7      | Found a shimmering altar of Xom.
  5972 | D:7      | Identified the +2 leather armour of Death's Door {Harm
                  | rPois rC- Regen+}
  6301 | D:8      | Reached XP level 10. HP: 51/51 MP: 20/22
  6492 | D:8      | Reached skill level 9 in Dodging
  6517 | D:8      | Noticed a cyclops
  6529 | D:8      | Killed a cyclops
  7299 | D:4      | Became a worshipper of Kikubaaqudgha
  7454 | D:9      | Found a stormy altar of Qazlal.
  7501 | D:9      | Noticed a smoke demon
  7504 | D:9      | Noticed a rust devil
  7519 | D:9      | Killed a smoke demon
  7564 | D:9      | Killed a rust devil
  7565 | D:9      | Reached skill level 1 in Necromancy
  7565 | D:9      | Found an ornate altar of the Wu Jian Council.
  7592 | D:9      | Noticed an orange demon
  7607 | D:9      | Killed an orange demon
  7608 | D:9      | Reached skill level 10 in Dodging
  7660 | D:9      | Paralysed by a hornet for 1 turns
  7726 | D:9      | Reached skill level 5 in Poison Magic
  7803 | D:9      | Learned a level 3 spell: Inner Flame
  7816 | D:9      | Reached XP level 11. HP: 57/57 MP: 24/24
  7863 | D:9      | Noticed a sun demon
  8031 | D:9      | Reached * piety under Kikubaaqudgha
  8031 | D:9      | Received a gift from Kikubaaqudgha
  8053 | D:9      | Learned a level 4 spell: Animate Dead
  8081 | D:9      | Noticed a sun demon
  8310 | D:9      | Killed a sun demon
  8732 | D:9      | Killed a sun demon
  8991 | D:9      | Noticed a soul eater
  9005 | D:9      | Killed a soul eater
  9075 | D:9      | Reached ** piety under Kikubaaqudgha
  9090 | D:9      | Reached skill level 1 in Hexes
  9129 | D:9      | Reached skill level 11 in Dodging
  9150 | D:10     | Entered Level 10 of the Dungeon
  9399 | D:10     | Noticed a tengu warrior
  9416 | D:10     | Noticed a two-headed ogre
  9417 | D:10     | Noticed jasper's ghost (journeyman DsCA)
  9523 | D:10     | Noticed a two-headed ogre
  9942 | D:10     | Found a bloodstained altar of Trog.
  9949 | D:10     | Found a transporter.
  9952 | D:10     | Found a transporter.
 10156 | D:10     | Killed jasper's ghost
 10157 | D:10     | Reached skill level 10 in Spellcasting
 10349 | D:10     | Killed a two-headed ogre
 10350 | D:10     | Reached XP level 12. HP: 63/63 MP: 27/27
 10444 | D:10     | Killed a two-headed ogre
 10498 | D:10     | Killed a tengu warrior
 10868 | D:11     | Reached *** piety under Kikubaaqudgha
 10868 | D:11     | Received a gift from Kikubaaqudgha
 11103 | D:11     | Noticed a two-headed ogre
 11108 | D:11     | Killed a two-headed ogre
 11109 | D:11     | Reached skill level 10 in Ranged Weapons
 11126 | D:11     | Reached skill level 12 in Dodging
 11254 | D:11     | Reached skill level 5 in Necromancy
 11278 | D:11     | Found a staircase to the Orcish Mines.
 11396 | D:11     | Found a staircase to the Lair.
 11656 | Temple   | Gained mutation: You are strong-willed. (Will+) [potion of
                  | mutation]
 11656 | Temple   | Gained mutation: You are agile. (Dex +4, Str/Int -1)
                  | [potion of mutation]
 11843 | Lair:1   | Entered Level 1 of the Lair of Beasts
 11896 | Lair:1   | Reached skill level 5 in Hexes
 12097 | Lair:1   | Reached **** piety under Kikubaaqudgha
 13119 | Lair:2   | Noticed Maggie
 13125 | Lair:2   | Killed Maggie
 13218 | Lair:2   | Found a staircase to the Shoals.
 13433 | Lair:2   | Noticed a boulder beetle
 13440 | Lair:2   | Killed a boulder beetle
 13441 | Lair:2   | Reached XP level 13. HP: 69/69 MP: 28/28
 13445 | Lair:2   | Found a staircase to the Snake Pit.
 13511 | Lair:2   | Reached skill level 13 in Dodging
 13586 | Lair:2   | Learned a level 2 spell: Blink
 13608 | Lair:2   | Reached skill level 1 in Fire Magic
 14635 | Lair:3   | Identified the ring "Jayneodu" {rF+ rC- Str+8 SInv Stlth+}
 15032 | Lair:4   | Reached ***** piety under Kikubaaqudgha
 15258 | Lair:4   | Found a viscous altar of Jiyva.
 15445 | Lair:4   | Found a staircase to the Slime Pits.
 15692 | Lair:5   | Entered Level 5 of the Lair of Beasts
 15827 | Lair:5   | Reached skill level 14 in Dodging
 16353 | Lair:5   | Noticed a dire elephant
 16526 | Lair:5   | Reached XP level 14. HP: 62/75 MP: 29/29
 17049 | Lair:5   | Reached ****** piety under Kikubaaqudgha
 17211 | Lair:5   | Identified the +6 trident of Gihaedai {drain, rF- Will+++
                  | Str+4 Int-3}
 18442 | Orc:1    | Entered Level 1 of the Orcish Mines
 18688 | Orc:1    | Found Gilosch's Magic Scroll Shoppe.
 18702 | Orc:1    | Bought a scroll of teleportation for 45 gold pieces
 18702 | Orc:1    | Bought a scroll of teleportation for 45 gold pieces
 18702 | Orc:1    | Bought a scroll of teleportation for 45 gold pieces
 18702 | Orc:1    | Bought a scroll of teleportation for 45 gold pieces
 18738 | Orc:1    | Reached skill level 5 in Fire Magic
 18886 | Orc:2    | Entered Level 2 of the Orcish Mines
 19086 | Orc:2    | Reached skill level 15 in Dodging
 19135 | Orc:2    | Found a staircase to the Elven Halls.
 19220 | Orc:2    | Reached skill level 10 in Fighting
 19477 | Orc:2    | Found Kufuas's Magic Scroll Shop.
 19477 | Orc:2    | Found Imattual's Armour Shoppe.
 19479 | Orc:2    | Found Qeamiq's General Store.
 19481 | Orc:2    | Found Doafomi's General Store.
 20583 | D:12     | Found a flickering gateway to a bazaar.
 20590 | Bazaar   | Entered a bazaar
 20593 | Bazaar   | Found Miwapniewi's Assorted Antiques.
 20604 | Bazaar   | Found Rianuax's Weapon Shop.
 20609 | Bazaar   | Found Holit's Magic Scroll Shoppe.
 20611 | Bazaar   | Found Uqugyocu's Antique Weapon Boutique.
 20620 | Bazaar   | Found Opurghaib's Antique Weapon Boutique.
 20642 | Bazaar   | Bought a scroll of acquirement for 728 gold pieces
 20658 | Bazaar   | Bought a scroll labelled FAUWIO FOTUDIC for 28 gold pieces
 20658 | Bazaar   | Bought a short gold wand for 112 gold pieces
 20659 | Bazaar   | Acquired the amulet of Accord {rF+ Regen+ Int+3}
 20800 | D:12     | Learned a level 3 spell: Portal Projectile
 20885 | D:12     | Got the Lessons on Outbursts and Conflagration
 21329 | D:13     | Found a runed translucent door.
 21330 | D:13     | Found a basalt altar of Yredelemnul.
 21518 | D:13     | Reached XP level 15. HP: 70/80 MP: 30/30
 22702 | D:14     | Reached skill level 16 in Dodging
 22741 | D:14     | Found a gate to the Vaults.
 22948 | D:15     | Entered Level 15 of the Dungeon
 22955 | D:15     | Found a runed translucent door.
 22982 | D:15     | Found a runed translucent door.
 22998 | D:15     | Found a runed translucent door.
 23015 | D:15     | Found a runed translucent door.
 23195 | D:15     | Found a frozen archway.
 23254 | IceCv    | Entered an ice cave
 23313 | IceCv    | Killed from afar by an ironbound frostheart

Illustrated notes

Levels and vault maps discovered:
D:1:      denvon_arrival_planthouse, layout_loops_ring
D:2:      layout_basic, basic_altar, serial_glass, glass_columns_a,
          glass_columns_b, glass_columns_c, glass_columns_b,
          uniq_crazy_yiuf_cottage
D:3:      layout_loops_cross, kennysheep_ying_yang, kennysheep_okawaru_gauntlet,
          minmay_fractal_squares_5
D:4:      layout_basic, kennysheep_vampire_church, ashenzari_altar_1,
          biasface_ghost_orc_armoury, minmay_misc_feat_cross,
          amcnicky_mini_rare_corridor_liquid, uniq_robin
D:5:      layout_cave_pools, nicolae_ru_awakened_eye,
          minmay_temple_entry_butterflies, minmay_misc_feat_doors,
          uniq_eustachio
D:6:      layout_loops_corners, kennysheep_mini_moat, serial_shops,
          nicolae_inconvenience_store, uniq_pikel, uniq_menkaure
D:7:      layout_loops_ring, minmay_overflow_temple_star_quad,
          lemuel_flamethrower_2
D:8:      layout_loops_corners
D:9:      layout_stronghold, mainiacjoe_overflow_small_starburst,
          nicolae_qazlal_scattered_showers, serial_demonic, serial_demonic_a,
          serial_demonic_d, serial_demonic_a, serial_demonic_d,
          serial_demonic_c, serial_demonic_f, serial_demonic_b,
          serial_demonic_g, serial_demonic_e, serial_demonic_c
D:10:     layout_cave_pods, gammafunk_ghost_wrathful_warriors
D:11:     layout_irregular_city, erik_lair_island, david_orc_4
D:12:     layout_loops_ring, serial_shops, bzr_in_the_mist, hangedman_decor_push
D:13:     layout_roguey, minivault_19, nicolae_danse_macabre
D:14:     layout_loops_ring, grunt_vaults_entry_tiered
D:15:     grunt_enter_depths_hoard, layout_basic, nemelex_lonely_heart_becter,
          portal_ice_cave_entry_ice_statue_one, minmay_statue_crystal_thing
Temple:   hellmonk_temple_rainy
Lair:1:   layout_regular_city, minivault_25
Lair:2:   layout_chaotic_city, elwin_shoals_entry_rocks, dummy_snake_entry,
          uniq_maggie
Lair:3:   dreamdust_isle_of_ice, layout_gridlike
Lair:4:   layout_roguey, slime_entry_1, minivault_24, infiniplex_staircase_pool,
          serial_bayou_shore_b
Lair:5:   gammafunk_lair_ancient_temple, layout_cave_pods,
          gauntlet_entry_generic, nzn_sisyphean_effort
Orc:1:    layout_caves, serial_shops, shop, mines2_david
Orc:2:    st_orc_rangers, layout_diamond_mine, special_room
IceCv:    ice_cave_small_giant

Skill      XL: |  1  2  3  4  5  6  7  8  9 10 11 12 13 14 15 |
---------------+----------------------------------------------+-----
Stealth        | 2 3 4 5 6 |  6.0
Dodging        | 3 4 5 6 7 8 10 11 12 14 15 16 | 16.1
Spellcasting   | 1 2 3 4 6 7 8 10 | 10.0
Fighting       | 2 3 4 5 6 7 8 9 10 | 10.7
Ranged Weapons | 5 6 7 8 9 10 11 12 13 | 13.2
Translocations | 2 3 5 7 |  7.0
Poison Magic   | 3 5 6 7 |  7.0
Necromancy     | 1 3 5 7 8 9 |  9.5
Hexes          | 2 5 |  5.0
Fire Magic     | 3 5 6 |  6.7

Action                   |  1- 3 |  4- 6 |  7- 9 | 10-12 | 13-15 || total
-------------------------+-------+-------+-------+-------+-------++-------
 Fire: Shortbow          |   109 |    24 |       |       |       ||   133
       Sling             |       |    90 |   252 |   837 |  1405 ||  2584
 Cast: Inner Flame       |       |       |       |     3 |    10 ||    13
       Blink             |       |       |       |       |     1 ||     1
  Use: Scroll            |       |       |    14 |     5 |    11 ||    30
       Potion            |       |       |     5 |     1 |     3 ||     9
Armor: Robe              |     6 |    11 |     6 |    19 |    33 ||    75
Dodge: Dodged            |    36 |    46 |   101 |   467 |   946 ||  1596

Table legend: (Time is in decaauts)
 A = Elapsed time spent in this place.
 B = Non-inter-level travel time spent in this place.
 C = Inter-level travel time spent in this place.
 D = Time resting spent in this place.
 E = Time spent auto-exploring this place.
 F = Levels seen in this place.
 G = Mean time per level.
                   A        B        C        D        E       F      G
               +--------+--------+--------+--------+--------+-----+--------+
         Total |  16445 |  15040 |   1405 |   1230 |   9009 |  25 |  657.8 |
       Dungeon |  10307 |   9253 |   1054 |    499 |   5861 |  15 |  687.1 |
        Temple |    313 |    299 |     14 |    146 |      1 |   1 |  313.0 |
          Lair |   4570 |   4344 |    226 |    583 |   2449 |   5 |  914.0 |
  Orcish Mines |   1139 |   1029 |    110 |      0 |    678 |   2 |  569.5 |
        Bazaar |     71 |     71 |      0 |      0 |     13 |   1 |   71.0 |
      Ice Cave |     44 |     44 |      0 |      0 |      4 |   1 |   44.0 |
               +--------+--------+--------+--------+--------+-----+--------+

Top non-repeatable levels by time:
  Lair:5: 1644 daAuts
     D:9: 1209 daAuts
    D:10: 1128 daAuts
     D:8: 965 daAuts
     D:4: 935 daAuts
     D:6: 872 daAuts
   Orc:2: 835 daAuts
  Lair:1: 803 daAuts
  Lair:3: 740 daAuts
    D:11: 738 daAuts
  Lair:2: 724 daAuts
    D:14: 695 daAuts
     D:2: 692 daAuts
  Lair:4: 657 daAuts
     D:7: 556 daAuts
